 Dungeon Crawl Stone Soup version 0.22-a0-117-g314b907 (webtiles) character file.

362147 mhoghedin the Spry (level 23, -6/165 HPs)
             Began as a Halfling Hunter on Jan 28, 2018.
             Was the Champion of Dithmenos.
             Killed from afar by a Tzitzimitl (43 damage)
             ... with a bolt of cold
             ... summoned by a deep elf demonologist
             ... on level 5 of the Vaults on Jan 29, 2018.
             The game lasted 03:14:25 (58474 turns).

mhoghedin the Spry (Halfling Hunter)               Turns: 58474, Time: 03:14:26

Health: -6/165     AC: 45    Str: 23    XL:     23   Next: 51%
Magic:  0/32       EV: 20    Int: 12    God:    Dithmenos [******]
Gold:   711        SH: 11    Dex: 22    Spells: 14/22 levels left

rFire    . . .     SeeInvis .   b - +5 demon blade (drain)
rCold    . . .     Gourm    .   s - +3 buckler {rPois}
rNeg     + + .     Faith    .   n - +8 orange crystal plate armour {Archmagi, Int+3 Clar}
rPois    +         Spirit   +   k - +2 helmet
rElec    .         Reflect  .   Z - +2 cloak {MR+}
rCorr    +         Harm     .   L - +2 pair of gloves
MR       +++..     Clarity  +   j - +1 pair of boots of Wonder {rF+ rCorr}
Stlth    ..........             x - amulet of guardian spirit {Spirit}
HPRegen  0.37/turn              C - ring of Qaukon {rF- rN+ MR+ Str+3 Dex+4}
MPRegen  0.23/turn              t - ring of positive energy {rN+}

@: very slightly contaminated, wreathed by umbra, studying Throwing, drained,
invisible
A: small, mutation resistance 1
}: 2/15 runes: decaying, gossamer
a: Shadow Step, Shadow Form, Renounce Religion


You were on level 5 of the Vaults.
You worshipped Dithmenos.
Dithmenos was exalted by your worship.
You were hungry.

You visited 8 branches of the dungeon, and saw 40 of its levels.
You visited 1 bazaar.

You collected 4586 gold pieces.
You spent 3875 gold pieces at shops.

Inventory:

Hand Weapons
 a - a +4 fustibalus of freezing
   (You acquired it on level 2 of the Spider Nest)
 b - a +5 demon blade of draining (weapon)
   (You bought it in a shop on level 2 of the Orcish Mines)
 Y - the +5 short sword of Ydghaggiu {drain, rPois MR+ Str-5 SInv}
   (You found it on level 1 of the Vaults)

   A truly terrible weapon, it drains the life of those it strikes.
   It affects your strength (-5).
   It protects you from poison.
   It affects your resistance to hostile enchantments.
   It lets you see invisible.
Missiles
 h - 421 stones (quivered)
 i - 9 throwing nets {=f, !d}
 o - 17 sling bullets
Armour
 j - the +1 pair of boots of Wonder (worn) {rF+ rCorr}
   (You bought it in a shop on level 2 of the Orcish Mines)

   It protects you from fire.
   It protects you from acid and corrosion.
 k - a +2 helmet (worn)
   (You found it on level 1 of the Dungeon)
 n - the +8 orange crystal plate armour (worn) {Archmagi, Int+3 Clar}
   (You bought it in a shop in a bazaar)

   It affects your intelligence (+3).
   It protects you against confusion.
 s - a +3 buckler of poison resistance (worn)
   (You took it off a tengu warrior on level 8 of the Dungeon)
 L - a +2 pair of gloves (worn)
   (You found it on level 1 of the Lair of Beasts)
 Z - a +2 cloak of magic resistance (worn)
   (You bought it in a shop in a bazaar)
Jewellery
 t - a ring of positive energy (right hand) {rN+}
   (You found it on level 1 of the Spider Nest)
 w - the ring of Raphushobu {MR+ Dex+3 Stlth+}
   (You found it on level 3 of the Elven Halls)

   [ring of stealth]

   It affects your dexterity (+3).
   It affects your resistance to hostile enchantments.
   It makes you more stealthy.
 x - an amulet of guardian spirit (around neck) {Spirit}
   (You found it on level 6 of the Dungeon)
 C - the ring of Qaukon (left hand) {rF- rN+ MR+ Str+3 Dex+4}
   (You found it on level 3 of the Elven Halls)

   [ring of protection from magic]

   It affects your strength (+3).
   It affects your dexterity (+4).
   It makes you vulnerable to fire.
   It protects you from negative energy.
   It affects your resistance to hostile enchantments.
 E - the ring "Kophoy" {Str+4 Stlth-}
   (You found it on level 3 of the Elven Halls)

   [ring of loudness]

   It affects your strength (+4).
   It makes you less stealthy.
Wands
 d - a wand of disintegration (30)
   (You found it on level 2 of the Vaults)
 I - a wand of polymorph (66)
   (You found it on level 1 of the Lair of Beasts)
 J - a wand of paralysis (18)
   (You found it on level 1 of the Spider Nest)
 P - a wand of digging (13)
   (You found it on level 2 of the Spider Nest)
 T - a wand of enslavement (14)
   (You found it on level 1 of the Spider Nest)
Scrolls
 m - 8 scrolls of amnesia
 y - 5 scrolls of teleportation
 A - 4 scrolls of magic mapping {!r}
 H - a scroll of enchant armour
 M - 4 scrolls of fear
 Q - 4 scrolls of fog
 R - a scroll of blinking {!r}
 U - 6 scrolls of remove curse
Potions
 e - 7 potions of flight
 g - 22 potions of curing
 l - 6 potions of ambrosia
 q - 4 potions of haste
 u - 6 potions of agility
 v - 4 potions of magic
 z - 3 potions of heal wounds
 B - a potion of invisibility
 D - 6 potions of brilliance
 F - 3 potions of might
 N - 5 potions of mutation {!q}
 X - 2 potions of lignification {!q}
Books
 c - a book of Minor Magic
   (You found it on level 3 of the Elven Halls)
 G - a manual of Throwing {!d}
   (You found it on level 3 of the Elven Halls)
Miscellaneous
 p - a fan of gales
   (You found it on level 10 of the Dungeon)
 r - a box of beasts
 K - a sack of spiders
 V - a lightning rod (4/4)
   (You found it on level 1 of the Swamp)
 W - a phial of floods
   (You found it on level 3 of the Swamp)
Comestibles
 f - 48 rations


   Skills:
 + Level 16.2(16.1) Fighting
 - Level 5.6(12.0) Short Blades
 - Level 14.0(14.1) Long Blades
   Level 1.2(1.1) Maces & Flails
 - Level 14.0(14.2) Slings
 + Level 3.5(7.4) Throwing
 + Level 15.1(15.0) Armour
 + Level 18.8(18.7) Dodging
 - Level 9.1(9.0) Stealth
 - Level 9.5(9.4) Shields
 - Level 4.9(4.8) Hexes
 - Level 6.5(6.4) Charms
 - Level 4.7(4.6) Necromancy
 - Level 6.5(6.4) Translocations
 - Level 6.7(6.6) Invocations
 - Level 13.0(12.8) Evocations


You had 14 spell levels left.
You knew the following spells:

 Your Spells              Type           Power        Failure   Level  Hunger
a - Portal Projectile     Hex/Tloc       ###...       97%         3    ####...
r - Regeneration          Chrm/Necr      ###.......   98%         3    ####...
s - Shroud of Golubria    Chrm/Tloc      ###.......   75%         2    ###....


Dungeon Overview and Level Annotations

Branches:
Dungeon (15/15)            Temple (1/1) D:6            Lair (6/6) D:10
  Swamp (4/4) Lair:2       Spider (4/4) Lair:2        Slime (0/5) Lair:6
    Orc (2/2) D:10            Elf (3/3) Orc:2        Vaults (5/5) D:13
  Crypt (0/3) Vaults:2     Depths (0/5) D:15

Altars:
Ashenzari
Cheibriados
Dithmenos
Elyvilon
Fedhas
Gozag
Hepliaklqana
Kikubaaqudgha
Makhleb
Nemelex Xobeh
Okawaru
Qazlal
Ru
Sif Muna
Trog
Uskayaw
Vehumet
Wu Jian
Xom
Yredelemnul
Zin
The Shining One
Beogh
Lugonu

Shops:
D:5 =   D:11 :   D:13 :   Orc:2 *=[(   Elf:2 (

Portals:
Trove: Vaults:1 (give +7 demon whip)

Annotations:
Swamp:1 2 transporters


Innate Abilities, Weirdness & Mutations

You are small and have problems with some larger weapons.
You are somewhat resistant to further mutation.


Message History

The shadow dragon breathes negative energy at you.
The bolt of negative energy misses you.
The bolt of negative energy hits the large abomination.
The large abomination completely resists.
The large abomination completely misses you.
The Hell Sentinel misses you. You block the Hell Sentinel's attack.
You hit the large abomination but do no damage.
Your shadow hits the large abomination but does no damage.
You block the shadow dragon's attack.
The shadow dragon claws you but does no damage.
The shadow dragon completely misses you.
You hit the large abomination.
The large abomination hits you but does no damage.
The Hell Sentinel completely misses you.
The Hell Sentinel misses you. The vault guard closely misses you.
The Executioner gives a hideous shriek!
You hit the large abomination but do no damage.
Your shadow barely misses the large abomination.
You block the shadow dragon's attack. x3
The large abomination barely misses you.
You barely miss the large abomination.
Your shadow hits the large abomination with a demon blade.
The Hell Sentinel hits you!
You emit a cloud of dark smoke.
The Hell Sentinel barely misses you.
You take 13 damage, and have 69/165 hp.
You now have 18/32 mp.
You hit the large abomination but do no damage.
The vault guard hits you from afar with a bardiche!
The shadow dragon closely misses you.
You riposte.
You hit the shadow dragon.
You block the shadow dragon's attack. x2
The large abomination completely misses you.
The Hell Sentinel hits you but does no damage.
The Hell Sentinel barely misses you.
The ogre mage mumbles some strange words.
The ogre mage blinks!
You take 9 damage, and have 60/165 hp.
You now have 16/32 mp.
You hit the large abomination. You block the shadow dragon's attack.
The shadow dragon claws you! The shadow dragon claws you.
You take 10 damage, and have 50/165 hp.
You now have 13/32 mp.
You closely miss the large abomination.
You block the large abomination's attack.
You block the Hell Sentinel's attack.
The Hell Sentinel completely misses you.
The vault guard completely misses you.
You hit the large abomination.
Your shadow completely misses the large abomination.
The shadow dragon bites you but does no damage.
The shadow dragon misses you. You block the shadow dragon's attack.
You block the large abomination's attack.
As you read the scroll of teleportation, it crumbles to dust.
You feel strangely unstable. You block the Hell Sentinel's attack.
The Hell Sentinel hits you but does no damage.
The deep elf high priest calls down the wrath of its god upon you.
Something smites you!
* * * LOW HITPOINT WARNING * * *
You block the vault guard's attack. The shadow dragon bites you!
* * * LOW HITPOINT WARNING * * *
The shadow dragon closely misses you. The shadow dragon claws you.
* * * LOW HITPOINT WARNING * * *
The large abomination hits you.
* * * LOW HITPOINT WARNING * * *
You take 22 damage, and have 29/165 hp.
You now have 7/32 mp.
You feel much better. The Hell Sentinel gestures at you.
The iron shot misses you.
The shadow dragon breathes negative energy at you.
The bolt of negative energy misses you.
The bolt of negative energy hits the large abomination.
The large abomination completely resists.
The large abomination barely misses you.
You regained 17 hp, and now have 46/165 hp.
You fade into invisibility!
The Hell Sentinel barely misses you.
You riposte.
You slice the Hell Sentinel!! The Hell Sentinel closely misses you.
The vault guard completely misses you.
The shadow dragon completely misses you.
You block the shadow dragon's attack.
The shadow dragon claws you but does no damage.
The large abomination hits you!
* * * LOW HITPOINT WARNING * * *
You are very lightly contaminated with residual magic.
You take 7 damage, and have 39/165 hp.
You hit the large abomination.
Your shadow barely misses the large abomination.
The Hell Sentinel barely misses you. x2
You hit the large abomination but do no damage.
The vault guard barely misses you.
The shadow dragon breathes negative energy at you.
The bolt of negative energy misses you.
The bolt of negative energy hits the large abomination.
The large abomination completely resists.
You block the large abomination's attack.
You block the Hell Sentinel's attack. The Hell Sentinel hits you!
* * * LOW HITPOINT WARNING * * *
You take 11 damage, and have 28/165 hp.
You now have 5/32 mp.
You feel better.
Your surroundings suddenly seem different.
The Executioner disappears in a puff of smoke!
The Tzitzimitl gestures at you. The bolt of cold hits you!
You die...

#....# # #....# #..#....#
####..#....# #
.....p#....#.#
......#....#.###
................
#######..@.....###
........(x<<......
.........<..<.....
........WO<<......
......1.W.........
##############D.......###
..(.(([(((§X§ee4........
##.###[###§##1p#....#.##.
#.# #.# #§###§#....#..#


You could see a shadow dragon, an ironheart preserver (wandering), a Tzitzimitl,
a vault guard, an ogre mage, a deep elf demonologist, a deep elf high priest, a
phantasmal warrior, a rust devil, a freezing wraith and a small abomination
(wandering).

Vanquished Creatures
  Nikola (Swamp:1)
  A golden dragon (Vaults:5)
  3 deep elf blademasters (Elf:3)
  2 sphinxes (Vaults:5)
  The ghost of Kite the Severer, an adept MiBe of Trog (Swamp:4)
  Agnes (Spider:1)
  Donald (Swamp:2)
  2 tengu reavers (Vaults:5)
  2 storm dragons (Vaults:5)
  5 thorn hunters
  3 large abominations
  An azure jelly (Orc:2)
  A fire giant (D:15)
  5 vault wardens
  5 deep elf sorcerers
  2 ghost moths (Spider:4)
  4 emperor scorpions (Spider:4)
  4 deep elf elementalists (Elf:3)
  12 ironheart preservers
  Aizul (Swamp:4)
  2 entropy weavers (Spider:2)
  Nessos (D:13)
  6 stone giants
  The ghost of Armakuni the Cleaver, a journeyman HuFi of the Shining One (Orc:2)
  7 deep elf demonologists
  5 deep elf annihilators (Elf:3)
  Azrael (Spider:2)
  4 spark wasps
  6 ettins
  8 deep elf death magi
  A jiangshi (Vaults:2)
  2 rakshasas
  6 deep elf high priests
  2 fire dragons
  13 ogre magi
  A great orb of eyes (Vaults:3)
  Harold (Lair:3)
  4 ice dragons
  3 ghost crabs
  8 yaktaur captains
  17 hydras
  23 vault guards
  A two-headed ogre (shapeshifter) (Vaults:1)
  49 two-headed ogres
  An anaconda (Lair:6)
  2 catoblepae
  8 centaur warriors
  A queen ant (Spider:2)
  33 dancing weapons
  6 alligators
  A death knight (Vaults:3)
  8 death scarabs (Spider:4)
  3 tengu warriors
  2 orc high priests
  Urug (D:14)
  A small abomination (Elf:3)
  16 deep elf knights
  A fire crab (shapeshifter) (Vaults:2)
  A spectral emperor scorpion (Spider:4)
  3 deep trolls (Vaults:1)
  4 skeletal warriors
  11 swamp dragons
  26 deep elf archers
  A glowing orange brain (Vaults:3)
  An unseen horror (Vaults:1)
  A wizard (Vaults:1)
  4 spriggan druids
  3 shambling mangroves (Swamp:4)
  13 ironbrand convokers
  2 flayed ghosts
  2 spectral wolf spiders (Spider:4)
  3 necromancers
  2 wolf spider zombies
  7 orb spiders
  A phantasmal warrior (Vaults:5)
  15 orc knights
  3 oklob plants (Lair:6)
  3 harpies (Vaults:2)
  11 cyclopes
  27 wolf spiders
  3 orc sorcerers
  61 deep elf magi
  An orb spider (shapeshifter) (Elf:1)
  28 ugly things
  A fire giant zombie (Vaults:1)
  A cyclops (shapeshifter) (Vaults:3)
  A manticore (D:12)
  2 moths of wrath (Spider:4)
  9 elephants
  A rust devil (D:11)
  A black mamba (shapeshifter) (Vaults:4)
  10 vault sentinels
  4 black mambas
  2 gargoyles
  A water nymph (shapeshifter) (Vaults:3)
  21 spiny frogs
  2 torpor snails
  An orange demon (D:11)
  A rime drake (shapeshifter) (Vaults:3)
  4 spectral redbacks (Spider:4)
  A centaur skeleton (D:14)
  2 rime drakes
  5 freezing wraiths
  2 redback zombies (Spider:4)
  10 komodo dragons
  29 yaktaurs
  3 tengu conjurers
  3 kobold demonologists
  10 demonic crawlers
  A meliai (shapeshifter) (Vaults:4)
  29 jumping spiders
  3 spectral tarantellas (Spider:4)
  18 hornets
  2 polar bears
  3 spectral jumping spiders (Spider:4)
  9 trolls
  10 tyrant leeches
  3 blink frogs (Lair:5)
  The ghost of Aviak the Chiller, an amateur DgIE (D:5)
  3 jumping spider zombies (Spider:4)
  33 slime creatures
  9 bog bodies
  A tarantella zombie (Spider:4)
  3 dream sheep (Lair:4)
  11 hippogriffs
  81 redbacks
  3 air elementals
  8 spriggans
  10 shadows
  24 tarantellas
  17 yaks
  4 wraiths
  4 wyverns
  2 water elementals
  6 fire elementals
  Eustachio (D:5)
  3 basilisks
  A hog (shapeshifter) (D:14)
  28 vampire mosquitoes
  A hungry ghost (D:15)
  A steam dragon (D:7)
  The ghost of wintastic the Twirler, an amateur DsGl (D:4)
  5 wargs
  15 insubstantial wisps
  A deep troll zombie (Vaults:1)
  An ogre zombie (Vaults:1)
  An acid dragon (D:15)
  23 soldier ants
  20 swamp worms
  6 water moccasins
  A hell hound (Spider:2)
  3 spectral hornets (Spider:4)
  A hornet zombie (Spider:4)
  2 porcupines
  12 swamp drakes
  8 sky beasts
  49 ogres
  25 orc warriors
  2 ice beasts
  2 necrophages
  2 boggarts (Vaults:3)
  12 centaurs
  A phantom (D:11)
  8 crocodiles
  17 wolves
  15 bullfrogs
  6 big kobolds
  4 elf zombies (Elf:1)
  A gnoll sergeant (D:10)
  3 earth elementals
  A wyvern zombie (D:15)
  A hornet simulacrum (D:15)
  A scorpion (D:4)
  13 killer bees
  8 wights
  12 electric eels
  5 howler monkeys
  3 crimson imps
  4 centaur zombies
  15 hounds
  A bullfrog zombie (D:11)
  A jelly (D:11)
  21 orc priests
  3 bullfrog skeletons
  4 iron imps (D:11)
  11 orc wizards
  Crazy Yiuf (D:5)
  9 iguanas
  28 worker ants
  2 worker ant zombies
  7 adders
  9 gnolls
  5 shadow imps
  3 oozes
  A dart slug (D:1)
  7 leopard geckos
  81 orcs
  6 bats
  6 giant cockroaches
  8 goblins
  5 hobgoblins
  4 jackals (D:2)
  5 quokkas
  A ball python (D:6)
  5 frilled lizards
  A giant cockroach zombie (D:5)
  9 kobolds
  A leopard gecko skeleton (D:6)
  A leopard gecko zombie (D:7)
  8 rats
  A fungus (Orc:2)
  5 plants (Lair:6)
  2 withered plants (Swamp:1)
1582 creatures vanquished.

Vanquished Creatures (collateral kills)
  An orc warlord (Orc:2)
  An orc sorcerer (Orc:2)
  A spiny frog (Swamp:4)
  A komodo dragon (Lair:2)
  2 basilisks (Lair:2)
  A swamp drake (Swamp:4)
  An orc warrior (Orc:2)
  A centaur (D:6)
  2 orc priests (Orc:2)
  2 worker ants (Spider:2)
  2 orcs (Orc:2)
  A plant (Lair:6)
16 creatures vanquished.

Vanquished Creatures (others)
  Jory (Vaults:4)
  An ironheart preserver (Vaults:2)
  3 ogre magi (Vaults:4)
  An alligator (Swamp:4)
  A deep elf knight (Elf:2)
  A shadow wraith (Vaults:4)
  An orc knight (Orc:2)
  A deep elf mage (Elf:1)
  2 orc sorcerers
  An orc warrior (Orc:2)
  A hornet (Swamp:2)
  A water elemental (Elf:2)
  2 soldier ants (Spider:2)
  A swamp worm (Swamp:4)
  A swamp drake (Swamp:1)
  A black bear (D:13)
  3 ogres
  A boggart (Vaults:3)
  An orc (D:13)
  23 fungi
  9 plants
  3 withered plants (Swamp:1)
60 creatures vanquished.

Grand Total: 1658 creatures vanquished

Notes
Turn   | Place    | Note
-------+----------+-------------------------------------------
     0 | D:1      | mhoghedin the Halfling Hunter began the quest for the Orb.
     0 | D:1      | Reached XP level 1. HP: 14/14 MP: 1/1
    77 | D:1      | Reached skill level 6 in Slings
    77 | D:1      | Reached XP level 2. HP: 19/19 MP: 2/2
    89 | D:1      | Reached skill level 2 in Fighting
   403 | D:1      | Reached skill level 1 in Armour
   512 | D:1      | Reached XP level 3. HP: 24/24 MP: 3/3
  1204 | D:2      | Reached XP level 4. HP: 27/29 MP: 4/4
  1396 | D:2      | Reached skill level 3 in Dodging
  2352 | D:3      | Reached skill level 1 in Short Blades
  2570 | D:3      | Reached XP level 5. HP: 35/35 MP: 5/5
  2909 | D:4      | Reached skill level 7 in Slings
  2909 | D:4      | Reached skill level 1 in Evocations
  2926 | D:4      | Noticed wintastic's ghost (amateur DsGl)
  2951 | D:4      | Killed wintastic's ghost
  2951 | D:4      | Reached skill level 3 in Fighting
  2951 | D:4      | Reached XP level 6. HP: 28/42 MP: 5/7
  2956 | D:4      | Reached skill level 4 in Dodging
  2956 | D:4      | Reached skill level 2 in Evocations
  3112 | D:4      | Reached XP level 7. HP: 24/46 MP: 8/8
  3345 | D:4      | Noticed a hippogriff
  3358 | D:4      | Killed a hippogriff
  3358 | D:4      | Reached skill level 4 in Fighting
  3358 | D:4      | Reached skill level 8 in Slings
  3783 | D:5      | Entered Level 5 of the Dungeon
  3795 | D:5      | Reached skill level 5 in Dodging
  3795 | D:5      | Reached XP level 8. HP: 52/54 MP: 9/9
  4152 | D:5      | Found Neipiani's Jewellery Shoppe.
  4153 | D:5      | Noticed Eustachio
  4182 | D:5      | Killed Eustachio
  4182 | D:5      | Reached skill level 9 in Slings
  4235 | D:5      | Noticed Aviak's ghost (amateur DgIE)
  4257 | D:5      | Killed Aviak's ghost
  4257 | D:5      | Reached skill level 5 in Fighting
  4257 | D:5      | Reached skill level 6 in Dodging
  4424 | D:5      | Found a runed door.
  4509 | D:5      | Got a warped mace
  4510 | D:5      | Identified the cursed +1 mace of the Yoke {crush, Dex+3} (You found it on level 5 of the Dungeon)
  4515 | D:5      | Noticed Crazy Yiuf
  4525 | D:5      | Killed Crazy Yiuf
  5648 | D:6      | Reached skill level 1 in Maces & Flails
  5663 | D:6      | Reached XP level 9. HP: 27/61 MP: 10/10
  5837 | D:6      | Found a staircase to the Ecumenical Temple.
  5852 | Temple   | Entered the Ecumenical Temple
  6003 | Temple   | Became a worshipper of Dithmenos the Shadowed
  6088 | D:6      | Reached skill level 10 in Slings
  6124 | D:6      | Identified Qoaptau's Collected Works on Venom and Talismans
  6377 | D:6      | HP: 9/61 [electric eel/bolt of electricity (9)]
  6379 | D:6      | Reached skill level 3 in Evocations
  6866 | D:6      | HP: 9/62 [centaur/arrow (10)]
  7249 | D:6      | Reached skill level 7 in Dodging
  7397 | D:6      | Reached skill level 6 in Fighting
  7639 | D:7      | Reached skill level 4 in Evocations
  7696 | D:7      | Reached skill level 11 in Slings
  7708 | D:7      | Reached * piety under Dithmenos
  7708 | D:7      | Reached XP level 10. HP: 69/69 MP: 13/13
  8090 | D:7      | Reached skill level 8 in Dodging
  8184 | D:7      | Reached skill level 5 in Evocations
  8552 | D:8      | Noticed a tengu warrior
  8552 | D:8      | Noticed a tengu warrior
  8756 | D:8      | Reached skill level 7 in Fighting
  8796 | D:8      | Reached ** piety under Dithmenos
  8856 | D:8      | Found a white marble altar of Elyvilon.
  8857 | D:8      | Found an ornate altar of the Wu Jian Council.
  8857 | D:8      | Found a radiant altar of Vehumet.
  8857 | D:8      | Found a blossoming altar of Fedhas.
  8885 | D:8      | Killed a tengu warrior
  8885 | D:8      | Reached skill level 12 in Slings
  8889 | D:8      | Killed a tengu warrior
  8889 | D:8      | Reached skill level 9 in Dodging
  8908 | D:8      | Found a snail-covered altar of Cheibriados.
  8909 | D:8      | Found a sparkling altar of Nemelex Xobeh.
  9480 | D:9      | Reached skill level 2 in Stealth
  9480 | D:9      | Reached XP level 11. HP: 77/77 MP: 15/15
  9493 | D:9      | Reached skill level 2 in Short Blades
  9558 | D:9      | Noticed a two-headed ogre
  9566 | D:9      | Killed a two-headed ogre
  9566 | D:9      | Reached skill level 8 in Fighting
  9566 | D:9      | Reached skill level 3 in Short Blades
  9566 | D:9      | Reached skill level 3 in Stealth
  9741 | D:9      | Reached skill level 4 in Stealth
  9746 | D:9      | Found a shattered altar of Ashenzari.
  9843 | D:9      | Reached *** piety under Dithmenos
 10246 | D:10     | Entered Level 10 of the Dungeon
 10310 | D:10     | Reached skill level 4 in Short Blades
 10491 | D:10     | Reached skill level 10 in Dodging
 10600 | D:10     | Found a staircase to the Lair.
 10983 | D:10     | Reached skill level 5 in Stealth
 11060 | D:10     | Noticed a two-headed ogre
 11075 | D:10     | Killed a two-headed ogre
 11075 | D:10     | Reached skill level 6 in Evocations
 11393 | D:10     | Found a staircase to the Orcish Mines.
 11498 | D:10     | Reached **** piety under Dithmenos
 11498 | D:10     | Reached skill level 9 in Fighting
 11747 | D:11     | Found Cysmike's Book Emporium.
 11824 | Lair:1   | Entered Level 1 of the Lair of Beasts
 11893 | Lair:1   | Reached skill level 6 in Stealth
 11893 | Lair:1   | Reached XP level 12. HP: 72/85 MP: 13/16
 13233 | Lair:2   | Found a staircase to the Swamp.
 13407 | Lair:2   | Found a hole to the Spider Nest.
 13433 | Lair:2   | Reached skill level 7 in Evocations
 13765 | Lair:2   | Identified a scroll of acquirement
 13912 | Lair:2   | Reached skill level 11 in Dodging
 13912 | Lair:2   | Reached skill level 7 in Stealth
 14343 | Lair:3   | Noticed Harold
 14376 | Lair:3   | Killed Harold
 14797 | Lair:3   | Reached skill level 8 in Stealth
 14882 | Lair:3   | Reached skill level 8 in Evocations
 15188 | Lair:3   | Reached skill level 10 in Fighting
 15287 | Lair:3   | Reached XP level 13. HP: 92/92 MP: 19/19
 15495 | Lair:4   | Noticed a catoblepas
 15619 | Lair:4   | Reached ***** piety under Dithmenos
 15951 | Lair:4   | Reached skill level 9 in Stealth
 16195 | Lair:5   | Reached skill level 12 in Dodging
 16253 | Lair:5   | Reached skill level 9 in Evocations
 17021 | Lair:6   | Entered Level 6 of the Lair of Beasts
 17161 | Lair:6   | Reached skill level 1 in Invocations
 17479 | Lair:6   | Reached skill level 2 in Invocations
 17653 | Lair:6   | Found a staircase to the Slime Pits.
 17935 | Lair:6   | Reached skill level 11 in Fighting
 17935 | Lair:6   | Reached skill level 5 in Short Blades
 18320 | Lair:6   | Noticed a five-headed hydra
 18327 | Lair:6   | Killed a five-headed hydra
 18343 | Lair:6   | Noticed a catoblepas
 18390 | Lair:6   | HP: 22/95 [catoblepas (11)]
 18396 | Lair:6   | Killed a catoblepas
 18670 | Lair:6   | Reached XP level 14. HP: 101/101 MP: 21/21
 18999 | Lair:6   | Reached skill level 3 in Invocations
 19489 | Lair:6   | Noticed a dire elephant
 19511 | Lair:6   | Noticed a dire elephant
 19562 | Lair:6   | Noticed a dire elephant
 19759 | Lair:5   | Upgraded the game from 0.22-a0-113-gdd6f4a9 to 0.22-a0-117-g314b907
 20037 | Orc:1    | Entered Level 1 of the Orcish Mines
 20037 | Orc:1    | Found a roughly hewn altar of Beogh.
 20226 | Orc:2    | Entered Level 2 of the Orcish Mines
 20226 | Orc:2    | Found Poemin's Jewellery Shop.
 20227 | Orc:2    | Found Upuirigi's Antique Armour Shoppe.
 20227 | Orc:2    | Noticed an orc warlord
 20448 | D:11     | Reached skill level 13 in Dodging
 20651 | D:11     | Found a corrupted altar of Lugonu.
 20678 | D:11     | Reached skill level 4 in Invocations
 21198 | D:11     | Got a shimmering ring mail
 21221 | D:11     | Identified the cursed +1 ring mail of Spring Thaw {MR- MP+9 Dex+4 Slay+5} (You found it on level 11 of the Dungeon)
 21278 | D:12     | Reached skill level 1 in Shields
 21377 | D:12     | Reached skill level 2 in Shields
 21428 | D:12     | Reached skill level 3 in Shields
 21683 | D:12     | Reached skill level 4 in Shields
 21720 | D:12     | Reached skill level 5 in Shields
 21932 | D:12     | Reached skill level 6 in Shields
 22399 | D:5      | Bought an uncursed ring of protection from magic for 275 gold pieces
 22593 | D:13     | Reached skill level 7 in Shields
 22644 | D:13     | Reached skill level 8 in Shields
 22666 | D:13     | Found Ugyeruz's Book Shoppe.
 22687 | D:13     | Got an encrusted shield
 22766 | D:13     | Found a gate to the Vaults.
 22909 | D:11     | Bought a book of Debilitation for 600 gold pieces
 22913 | D:11     | Learned a level 3 spell: Portal Projectile
 22919 | D:11     | Learned a level 3 spell: Regeneration
 22922 | D:11     | Learned a level 2 spell: Shroud of Golubria
 23154 | D:13     | Noticed Nessos
 23162 | D:13     | Killed Nessos
 23162 | D:13     | Reached skill level 1 in Charms
 23162 | D:13     | Reached skill level 1 in Translocations
 23265 | D:14     | Reached skill level 1 in Hexes
 23376 | D:14     | Noticed Urug
 23379 | D:14     | Killed Urug
 23405 | D:14     | Reached skill level 2 in Charms
 23410 | D:14     | Reached skill level 2 in Translocations
 23433 | D:14     | Reached skill level 1 in Necromancy
 23634 | D:14     | Reached XP level 15. HP: 107/107 MP: 22/22
 23640 | D:14     | Reached skill level 2 in Hexes
 24000 | D:14     | Identified the -8 shield of Fun {rElec rPois rF+ Stlth+} (You found it on level 13 of the Dungeon)
 24104 | D:15     | Entered Level 15 of the Dungeon
 24105 | D:15     | Found a staircase to the Depths.
 24105 | D:15     | Noticed a fire giant
 24116 | D:15     | Killed a fire giant
 24116 | D:15     | Reached skill level 3 in Charms
 24116 | D:15     | Reached skill level 2 in Necromancy
 24116 | D:15     | Reached skill level 3 in Translocations
 24128 | D:15     | Reached skill level 10 in Evocations
 24799 | D:15     | Found a blossoming altar of Fedhas.
 25195 | Orc:1    | Found an iron altar of Okawaru.
 25531 | Orc:1    | Reached skill level 2 in Armour
 25943 | Orc:1    | Reached skill level 3 in Armour
 26121 | Orc:2    | Noticed an azure jelly
 26121 | Orc:2    | an orc warlord changed into an azure jelly
 26127 | Orc:2    | Killed an azure jelly
 26127 | Orc:2    | Reached skill level 4 in Armour
 26127 | Orc:2    | Reached skill level 9 in Shields
 26162 | Orc:2    | Reached ****** piety under Dithmenos
 26227 | Orc:2    | Found Udekleh's General Store.
 26503 | Orc:2    | Noticed an orc warlord
 26646 | Orc:2    | Killed an orc warlord
 26841 | Orc:2    | Reached skill level 5 in Armour
 27057 | Orc:2    | Noticed Armakuni's ghost (journeyman HuFi)
 27080 | Orc:2    | Killed Armakuni's ghost
 27154 | Orc:2    | Bought a pair of pitted boots for 332 gold pieces
 27164 | Orc:2    | Identified the +1 pair of boots of Wonder {rF+ rCorr} (You bought it in a shop on level 2 of the Orcish Mines)
 27178 | Orc:2    | Found Quutu's Antique Weapon Emporium.
 27191 | Orc:2    | Found a staircase to the Elven Halls.
 27199 | Orc:2    | Bought a glowing demon blade for 576 gold pieces
 27515 | Swamp:1  | Entered Level 1 of the Swamp
 27551 | Lair:2   | Reached skill level 5 in Invocations
 28136 | Swamp:1  | Reached skill level 6 in Invocations
 28407 | Swamp:1  | Noticed a thorn hunter
 28422 | Swamp:1  | Killed a thorn hunter
 28422 | Swamp:1  | Reached XP level 16. HP: 111/114 MP: 23/23
 28442 | Swamp:1  | Found a transporter.
 28451 | Swamp:1  | Got a shimmering chain mail
 28556 | Swamp:1  | Noticed Nikola
 28604 | Swamp:1  | Killed Nikola
 28604 | Swamp:1  | Reached skill level 12 in Fighting
 28604 | Swamp:1  | Reached skill level 6 in Armour
 28772 | Swamp:1  | Identified the +2 chain mail of the Thinker {rN+ rCorr Str+2} (You found it on level 1 of the Swamp)
 28912 | Swamp:1  | Found a transporter.
 29390 | Swamp:2  | Noticed Donald
 29390 | Swamp:2  | Reached skill level 14 in Dodging
 29398 | Swamp:2  | Noticed a thorn hunter
 29409 | Swamp:2  | Killed Donald
 29419 | Swamp:2  | Killed a thorn hunter
 30028 | Swamp:2  | Reached skill level 7 in Armour
 30365 | Swamp:3  | Reached skill level 11 in Evocations
 30892 | Swamp:3  | Noticed a thorn hunter
 30900 | Swamp:3  | Killed a thorn hunter
 31617 | Swamp:4  | Entered Level 4 of the Swamp
 31655 | Swamp:4  | Noticed Kite's ghost (adept MiBe)
 31661 | Swamp:4  | Noticed a thorn hunter
 31876 | Swamp:3  | HP: 28/116 [thorn hunter (5)]
 31878 | Swamp:3  | Killed a thorn hunter
 31878 | Swamp:3  | Reached skill level 1 in Long Blades
 31882 | Swamp:3  | HP: 27/116 [poisoned by a swamp dragon (poison gas)]
 31889 | Swamp:3  | HP: 27/116 [poisoned by a swamp dragon (poison gas)]
 31897 | Swamp:3  | HP: 28/116 [poisoned by a swamp dragon (poison gas)]
 32365 | Swamp:3  | Reached skill level 2 in Long Blades
 32399 | Swamp:4  | Noticed a thorn hunter
 32412 | Swamp:4  | Killed a thorn hunter
 32423 | Swamp:4  | Reached skill level 3 in Long Blades
 32489 | Swamp:4  | HP: 24/116 [Kite's ghost (14)]
 33204 | Swamp:4  | Reached skill level 4 in Long Blades
 33250 | Swamp:4  | Noticed Aizul
 33258 | Swamp:4  | Reached XP level 17. HP: 108/121 MP: 21/25
 33260 | Swamp:4  | Killed Aizul
 33273 | Swamp:4  | Reached skill level 5 in Long Blades
 33285 | Swamp:4  | HP: 30/121 [eight-headed hydra (7)]
 33665 | Swamp:4  | Reached skill level 6 in Long Blades
 33838 | Swamp:4  | Reached skill level 7 in Long Blades
 34466 | Spider:1 | Entered Level 1 of the Spider Nest
 34895 | Spider:1 | Reached skill level 8 in Long Blades
 35488 | Spider:1 | Reached skill level 9 in Long Blades
 35894 | Spider:1 | Noticed Agnes
 35907 | Spider:1 | Killed Agnes
 36351 | Spider:2 | Reached skill level 10 in Long Blades
 37086 | Spider:2 | Reached skill level 11 in Long Blades
 37188 | Spider:2 | HP: 25/121 [wolf spider (7)]
 37569 | Spider:2 | Noticed Azrael
 37600 | Spider:2 | Killed Azrael
 38097 | Spider:3 | Reached XP level 18. HP: 111/126 MP: 23/26
 38321 | Spider:3 | Reached skill level 13 in Slings
 38867 | Spider:3 | HP: 27/126 [spark wasp (15)]
 39458 | Swamp:4  | Reached skill level 12 in Long Blades
 40624 | Swamp:4  | Reached skill level 14 in Slings
 40784 | Swamp:4  | Killed Kite's ghost
 41079 | Swamp:4  | Got a decaying rune of Zot
 41418 | Spider:4 | Entered Level 4 of the Spider Nest
 41501 | Spider:4 | Reached skill level 13 in Long Blades
 42051 | Spider:4 | Reached skill level 14 in Long Blades
 42100 | Spider:4 | Reached skill level 8 in Armour
 42538 | Spider:4 | Reached XP level 19. HP: 130/133 MP: 27/27
 42699 | Spider:4 | Got a gossamer rune of Zot
 42736 | Spider:4 | Reached skill level 15 in Dodging
 43007 | Vaults:1 | Entered Level 1 of the Vaults
 43012 | Vaults:1 | Reached skill level 9 in Armour
 43021 | Vaults:1 | Reached skill level 13 in Fighting
 43250 | Vaults:1 | Reached skill level 12 in Evocations
 43529 | Vaults:1 | Found a portal to a secret trove of treasure.
 43806 | Vaults:1 | Reached skill level 10 in Armour
 44456 | Vaults:1 | Reached XP level 20. HP: 130/141 MP: 29/29
 44877 | Vaults:1 | Got an ichor-stained short sword
 44878 | Vaults:1 | Identified the +5 short sword of Ydghaggiu {drain, rPois MR+ Str-5 SInv} (You found it on level 1 of the Vaults)
 45116 | Vaults:2 | Reached skill level 16 in Dodging
 45185 | Vaults:2 | Reached skill level 11 in Armour
 45212 | Vaults:2 | Reached skill level 13 in Evocations
 45548 | Vaults:2 | Reached skill level 3 in Hexes
 45548 | Vaults:2 | Reached skill level 4 in Charms
 45548 | Vaults:2 | Reached skill level 4 in Translocations
 46069 | Vaults:2 | Reached skill level 3 in Necromancy
 46357 | Vaults:2 | Found a staircase to the Crypt.
 46517 | Vaults:2 | Reached skill level 5 in Charms
 46533 | Vaults:2 | Reached skill level 5 in Translocations
 46992 | Vaults:3 | Reached skill level 4 in Hexes
 47048 | Vaults:3 | Reached skill level 4 in Necromancy
 47662 | Vaults:3 | Reached skill level 6 in Charms
 47670 | Vaults:3 | Reached skill level 6 in Translocations
 47674 | Vaults:3 | Reached XP level 21. HP: 147/147 MP: 30/30
 47937 | Vaults:3 | HP: 25/147 [flayed ghost/flay_damage (14)]
 48070 | Vaults:3 | Reached skill level 14 in Fighting
 48606 | Vaults:3 | Got a polished arbalest
 48607 | Vaults:3 | Identified the cursed +1 arbalest of Accidental Termination {venom, Fragile Int+6} (You found it on level 3 of the Vaults)
 48968 | Vaults:4 | Found a flickering gateway to a bazaar.
 48999 | Bazaar   | Entered a bazaar
 48999 | Bazaar   | Found Coxkaock's Magic Scroll Boutique.
 48999 | Bazaar   | Found Honnuem's Food Boutique.
 48999 | Bazaar   | Found Zukunk's Book Shop.
 48999 | Bazaar   | Found Miulenk's Armour Shop.
 48999 | Bazaar   | Found Ytysyuc's Antique Armour Boutique.
 48999 | Bazaar   | Found Uklul's Weapon Boutique.
 49222 | Bazaar   | Bought the +8 orange crystal plate armour {Archmagi, Int+3 Clar} for 1878 gold pieces
 49222 | Bazaar   | Found the +8 orange crystal plate armour {Archmagi, Int+3 Clar}
 49222 | Bazaar   | Bought a +1 cloak of magic resistance for 214 gold pieces
 49342 | Vaults:4 | Noticed Jory
 49390 | Vaults:4 | Killed Jory
 50517 | Vaults:4 | Reached skill level 12 in Armour
 50768 | Vaults:5 | Entered Level 5 of the Vaults
 50946 | Vaults:5 | Reached skill level 17 in Dodging
 51089 | Vaults:5 | Reached XP level 22. HP: 87/156 MP: 26/31
 51122 | Vaults:5 | HP: 34/156 [shadow dragon/bolt of negative energy (17)]
 51697 | Elf:1    | Entered Level 1 of the Elven Halls
 52007 | Elf:1    | Reached skill level 13 in Armour
 52131 | Elf:1    | Reached skill level 15 in Fighting
 52661 | Elf:1    | Identified the Compendium of Dark Rites
 52953 | Elf:2    | Found a huge runed gate.
 52961 | Elf:2    | Found a huge runed gate.
 52961 | Elf:2    | Found a huge runed gate.
 52961 | Elf:2    | Found a huge runed gate.
 52963 | Elf:2    | Found a huge runed gate.
 53418 | Elf:2    | Found Teagref's Weapon Emporium.
 54631 | Elf:2    | Reached skill level 18 in Dodging
 54762 | Elf:3    | Entered Level 3 of the Elven Halls
 54828 | Elf:3    | Reached skill level 14 in Armour
 56197 | Elf:3    | Reached XP level 23. HP: 164/164 MP: 32/32
 56988 | Elf:3    | Reached skill level 16 in Fighting
 57289 | Elf:3    | Got a shimmering glass ring
 57490 | Elf:3    | Found the +3 robe of Clouds {+Fly rElec}
 57859 | Elf:3    | Got a bound pewter ring
 57869 | Elf:3    | Identified the ring "Laxtaon" {Fire rN++ MR-} (You found it on level 3 of the Elven Halls)
 57870 | Elf:3    | Identified the cursed ring "Ixki" {*Corrode MR+ Int-2 SInv Stlth+} (You took it off a deep elf high priest on level 3 of the Elven Halls)
 57881 | Elf:3    | Got a shadowed robe
 57887 | Elf:3    | Got a coiled ivory ring
 57895 | Elf:3    | Identified the +2 robe "Pel Moir" {*Corrode rElec Dex+6} (You found it on level 3 of the Elven Halls)
 57896 | Elf:3    | Identified the ring "Kophoy" {Str+4 Stlth-} (You found it on level 3 of the Elven Halls)
 57920 | Elf:3    | Got a shimmering bronze ring
 57921 | Elf:3    | Identified the ring of Raphushobu {MR+ Dex+3 Stlth+} (You found it on level 3 of the Elven Halls)
 57924 | Elf:3    | Got a smoking lapis lazuli ring
 57928 | Elf:3    | Identified the ring of Qaukon {rF- rN+ MR+ Str+3 Dex+4} (You found it on level 3 of the Elven Halls)
 58346 | Vaults:5 | Noticed a golden dragon
 58370 | Vaults:5 | Reached skill level 1 in Throwing
 58375 | Vaults:5 | Reached skill level 15 in Armour
 58382 | Vaults:5 | Killed a golden dragon
 58382 | Vaults:5 | Reached skill level 2 in Throwing
 58424 | Vaults:5 | Reached skill level 3 in Throwing
 58469 | Vaults:5 | HP: 39/165 [deep elf high priest/divine providence (12)]
 58474 | Vaults:5 | Killed from afar by a Tzitzimitl

Vault maps used:
D:1:      minmay_arrival_hallway
D:2:      hangedman_decor_peaks_small
D:4:      first_ration
D:5:      serial_shops, shop, uniq_eustachio, uniq_crazy_yiuf_cottage
D:6:      nicolae_whirlpool, minmay_temple_entry_butterflies, fountainhead
D:7:      the_bakery, hangedman_misty_isle
D:8:      grunt_temple_overflow_open
D:9:      basic_altar, serial_bayou_lake_a
D:10:     erik_lair_island, kennysheep_orc_monster_closet_entryway
D:11:     serial_shops, shop, lemuel_hellish_altar
D:12:     minmay_diamond_stairs, minmay_misc_feat_diagonals
D:13:     erik_vaults_1, serial_shops, shop, grunt_decor_mini_mirrors,
          roderic_serpentine_path, lemuel_nasty_fountain, uniq_nessos
D:14:     minmay_misc_feat_rows, uniq_urug
D:15:     grunt_enter_depths_giant_problem, fedhas_altar_3
Temple:   lightli_temple_of_artemis
Lair:1:   infiniplex_staircase_pool
Lair:2:   beast_lair_carwin_large_3, swamp_mist, spider_nest_entry_a,
          lemuel_fruit_tree, infiniplex_staircase_pool_2, serial_bayou_shore_b
Lair:3:   wad_woods_tower, guppyfry_lair_drakes, uniq_harold
Lair:4:   serial_bayou_lagoon_b
Lair:6:   due_jungle_book, minmay_slime_entry_oklob_open
Swamp:1:  gammafunk_its_a_trap, evilmike_swamp_ruin_rubble_2, swamp_pool3,
          st_shrine_of_shade, uniq_nikola
Swamp:2:  evilmike_swamp_ruin_house_2, swamp_pool2, uniq_donald
Swamp:3:  hangedman_swamp_blocks, swamp_pool1, kb_tengu_band
Swamp:4:  swamp, swamp_pool4, uniq_aizul
Spider:1: guppyfry_spider_mini_2, uniq_agnes
Spider:2: nicolae_spider_webs_and_nodes, minivault_29, uniq_azrael
Spider:3: spider_trap
Spider:4: floodkiller_spider_rune_tomb
Orc:1:    basic_altar, okawaru_metal_pillars_3
Orc:2:    grunt_orc_gardens, grunt_orc_garden, grunt_orc_garden,
          grunt_orc_garden, grunt_orc_garden, lightli_orcish_oven
Elf:1:    minmay_elf_necromancy, minivault_19
Elf:2:    serial_shops, shop, hangedman_elven_ridges, minivault_28
Elf:3:    minmay_elf_hall_statues
Vaults:1: nicolae_vaults_ninety_degrees, nicolae_vaults_good_morning_starshine,
          v_misc_4, grunt_vaults_trifunnel, v_misc_31,
          nicolae_vaults_diagonal_hallway_6, enter_trove_0
Vaults:2: minmay_crypt_entry_simple_statues, vaults_room_door_hall,
          grunt_vaults_hallway_short, v_misc_17, v_misc_1,
          nicolae_vaults_rhombus_6, nicolae_vaults_three_branches,
          hangedman_vaults_trim, vaults_mumra_chevron_long, v_misc_22,
          vaults_mumra_minichess_inversion, vaults_room_fours,
          nicolae_vaults_little_squares_1
Vaults:3: v_misc_29, v_misc_27, nicolae_vaults_yaktaur_gun_rack,
          ontoclasm_vaults_shuriken, vaults_room_door_hall,
          vaults_mumra_minichess, nicolae_vaults_network_quincunx, st_cells,
          v_misc_22, nicolae_vaults_little_squares_3, ontoclasm_vaults_bender
Vaults:4: grunt_vaults_twisty, grunt_vaults_bifocal, vaults_room_hallway,
          hangedman_vaults_pinch, vaults_mumra_hex, vaults_dpeg_hooks,
          vaults_room_door_ring, v_misc_27, vaults_room_corners, serial_shops,
          bzr_firewalk, uniq_jory
Vaults:5: serial_shops, uniq_mennas, uniq_jorgrun, uniq_frederick,
          uniq_saint_roka
Bazaar:   bazaar_minmay_generic_box

Skill      XL: |  1  2  3  4  5  6  7  8  9 10 11 12 13 14 15 16 17 18 19 20 21 22 23 |
---------------+----------------------------------------------------------------------+-----
Slings         | 6 7 8 9 11 12 14 | 14.0
Fighting       | 2 3 4 5 6 7 9 10 11 12 13 14 15 16 | 16.2
Armour         | 1 5 7 8 10 11 12 14 15 | 15.1
Dodging        | 3 4 5 6 7 9 10 11 12 13 14 15 16 17 18 | 18.8
Short Blades   | 1 4 5 |  5.6
Evocations     | 1 2 4 5 6 8 9 10 11 12 13 | 13.0
Maces & Flails | 1 |  1.2
Stealth        | 2 6 8 9 |  9.1
Invocations    | 2 4 6 |  6.7
Shields        | 8 9 |  9.5
Charms         | 2 3 6 |  6.5
Translocations | 2 3 6 |  6.5
Hexes          | 1 2 4 |  4.9
Necromancy     | 1 2 4 |  4.7
Long Blades    | 4 11 14 | 14.0
Throwing       | 3 |  3.5

Action                   |  1- 3 |  4- 6 |  7- 9 | 10-12 | 13-15 | 16-18 | 19-21 | 22-24 || total
-------------------------+-------+-------+-------+-------+-------+-------+-------+-------++-------
Melee: Rapier            |       |    33 |     5 |     5 |       |       |       |       ||    43
       Staff             |       |       |    24 |       |       |       |       |       ||    24
       Mace              |       |       |     7 |       |       |       |       |       ||     7
       Hunting sling     |       |       |     1 |     3 |       |       |       |       ||     4
       Dagger            |       |       |       |    16 |   194 |    16 |       |       ||   226
       Double sword      |       |       |       |       |       |   566 |       |       ||   566
       Demon blade       |       |       |       |       |       |   354 |  1274 |  1224 ||  2852
       Short sword       |       |       |       |       |       |       |     1 |       ||     1
 Fire: Hunting sling     |    77 |   117 |   314 |   964 |  1702 |   864 |       |       ||  4038
       Fustibalus        |       |       |       |       |       |   249 |   493 |   117 ||   859
Throw: Stone             |       |       |     4 |       |       |       |       |       ||     4
 Cast: Portal Projectile |       |       |       |       |       |     3 |       |       ||     3
       Shroud of Golubri |       |       |       |       |       |     1 |       |       ||     1
       Regeneration      |       |       |       |       |       |       |     1 |       ||     1
Invok: Shadow Step       |       |       |       |       |     5 |     1 |     2 |       ||     8
       Shadow Form       |       |       |       |       |       |       |       |     1 ||     1
Evoke: Wand              |       |     3 |     4 |    14 |    29 |    23 |       |     2 ||    75
       Fan of gales      |       |       |       |     1 |     2 |     1 |       |       ||     4
       Sack of spiders   |       |       |       |     1 |       |       |       |       ||     1
       Lightning rod     |       |       |       |       |       |    15 |       |       ||    15
       Phial of floods   |       |       |       |       |       |     5 |     1 |     2 ||     8
  Use: Scroll            |       |     3 |    18 |     8 |    14 |    11 |    14 |     9 ||    77
       Potion            |       |       |     1 |     1 |     1 |     4 |     8 |     7 ||    22
 Stab: Sleeping          |       |       |       |       |     5 |    17 |    25 |       ||    47
       Distracted        |       |       |       |       |       |     6 |     3 |     1 ||    10
  Eat: Chunk             |       |     7 |    12 |    13 |     6 |     5 |     5 |       ||    48
       Ration            |       |       |     1 |     2 |    10 |    12 |     7 |     7 ||    39
Armor: Leather armour    |     5 |    24 |    46 |    35 |    26 |       |       |       ||   136
       Ring mail         |       |       |       |       |    52 |   114 |    83 |       ||   249
       Swamp dragon scal |       |       |       |       |       |   302 |       |       ||   302
       Crystal plate arm |       |       |       |       |       |       |   101 |   380 ||   481
Dodge: Dodged            |    10 |    54 |   234 |   316 |   637 |  2230 |   930 |   517 ||  4928
Block: Buckler           |       |       |       |       |   138 |   281 |   605 |   403 ||  1427
       Shield            |       |       |       |       |    22 |    32 |       |       ||    54
       Rpst.: Double sword |       |       |       |       |       |   250 |       |       ||   250
       Demon blade       |       |       |       |       |       |    61 |   175 |   111 ||   347

Table legend:
 A = Spawn XP
 B = Non-spawn XP
 C = Spawn XP percentage of total XP
 D = Spawn monster count
 E = Non-spawn monster count
 F = Spawn count percentage of total count
 G = Total turns spent on level
                    A         B        C        D         E        F      G
               +---------+---------+-------+---------+---------+-------+---------
         Total |       0 |  647869 |   0.0 |       0 |    1600 |   0.0 | 58474
               +---------+---------+-------+---------+---------+-------+---------
           D:1 |       0 |      48 |   0.0 |       0 |      24 |   0.0 |  1156
           D:2 |       0 |      41 |   0.0 |       0 |      17 |   0.0 |   667
           D:3 |       0 |      52 |   0.0 |       0 |      16 |   0.0 |   819
           D:4 |       0 |     743 |   0.0 |       0 |      13 |   0.0 |  1141
           D:5 |       0 |     999 |   0.0 |       0 |      11 |   0.0 |  1831
           D:6 |       0 |    1088 |   0.0 |       0 |      31 |   0.0 |  1948
           D:7 |       0 |    1962 |   0.0 |       0 |      27 |   0.0 |  1103
           D:8 |       0 |    2534 |   0.0 |       0 |      24 |   0.0 |   818
           D:9 |       0 |    2890 |   0.0 |       0 |      34 |   0.0 |   888
          D:10 |       0 |    4886 |   0.0 |       0 |      47 |   0.0 |  1859
          D:11 |       0 |    3446 |   0.0 |       0 |      33 |   0.0 |  1032
          D:12 |       0 |    8211 |   0.0 |       0 |      39 |   0.0 |  1169
          D:13 |       0 |    6833 |   0.0 |       0 |      21 |   0.0 |   700
          D:14 |       0 |    6521 |   0.0 |       0 |      20 |   0.0 |   822
          D:15 |       0 |   12896 |   0.0 |       0 |      30 |   0.0 |   938
        Lair:1 |       0 |    1002 |   0.0 |       0 |       4 |   0.0 |  1098
        Lair:2 |       0 |    6797 |   0.0 |       0 |      32 |   0.0 |  1887
        Lair:3 |       0 |    6906 |   0.0 |       0 |      27 |   0.0 |  1397
        Lair:4 |       0 |    3227 |   0.0 |       0 |      15 |   0.0 |   618
        Lair:5 |       0 |    5366 |   0.0 |       0 |      16 |   0.0 |   959
        Lair:6 |       0 |   12431 |   0.0 |       0 |      38 |   0.0 |  2816
       Swamp:1 |       0 |   13361 |   0.0 |       0 |      40 |   0.0 |  2031
       Swamp:2 |       0 |   14294 |   0.0 |       0 |      38 |   0.0 |  1217
       Swamp:3 |       0 |   23909 |   0.0 |       0 |      50 |   0.0 |  3546
       Swamp:4 |       0 |   29921 |   0.0 |       0 |      55 |   0.0 |  1637
      Spider:1 |       0 |   16230 |   0.0 |       0 |      49 |   0.0 |  1902
      Spider:2 |       0 |   19254 |   0.0 |       0 |      81 |   0.0 |  2214
      Spider:3 |       0 |   10613 |   0.0 |       0 |      32 |   0.0 |   824
      Spider:4 |       0 |   47414 |   0.0 |       0 |     115 |   0.0 |  1466
         Orc:1 |       0 |    5030 |   0.0 |       0 |      24 |   0.0 |  1175
         Orc:2 |       0 |    8578 |   0.0 |       0 |      47 |   0.0 |  1384
         Elf:1 |       0 |   17943 |   0.0 |       0 |      36 |   0.0 |  1067
         Elf:2 |       0 |   46042 |   0.0 |       0 |      68 |   0.0 |  2645
         Elf:3 |       0 |   61635 |   0.0 |       0 |      67 |   0.0 |  2692
      Vaults:1 |       0 |   63253 |   0.0 |       0 |     105 |   0.0 |  2104
      Vaults:2 |       0 |   56251 |   0.0 |       0 |     108 |   0.0 |  1990
      Vaults:3 |       0 |   43418 |   0.0 |       0 |      71 |   0.0 |  1912
      Vaults:4 |       0 |   28151 |   0.0 |       0 |      46 |   0.0 |  2052
      Vaults:5 |       0 |   53693 |   0.0 |       0 |      49 |   0.0 |   525
               +---------+---------+-------+---------+---------+-------+---------

Vault maps used:
D:1:      minmay_arrival_hallway
D:2:      hangedman_decor_peaks_small
D:4:      first_ration
D:5:      serial_shops, shop, uniq_eustachio, uniq_crazy_yiuf_cottage
D:6:      nicolae_whirlpool, minmay_temple_entry_butterflies, fountainhead
D:7:      the_bakery, hangedman_misty_isle
D:8:      grunt_temple_overflow_open
D:9:      basic_altar, serial_bayou_lake_a
D:10:     erik_lair_island, kennysheep_orc_monster_closet_entryway
D:11:     serial_shops, shop, lemuel_hellish_altar
D:12:     minmay_diamond_stairs, minmay_misc_feat_diagonals
D:13:     erik_vaults_1, serial_shops, shop, grunt_decor_mini_mirrors,
          roderic_serpentine_path, lemuel_nasty_fountain, uniq_nessos
D:14:     minmay_misc_feat_rows, uniq_urug
D:15:     grunt_enter_depths_giant_problem, fedhas_altar_3
Temple:   lightli_temple_of_artemis
Lair:1:   infiniplex_staircase_pool
Lair:2:   beast_lair_carwin_large_3, swamp_mist, spider_nest_entry_a,
          lemuel_fruit_tree, infiniplex_staircase_pool_2, serial_bayou_shore_b
Lair:3:   wad_woods_tower, guppyfry_lair_drakes, uniq_harold
Lair:4:   serial_bayou_lagoon_b
Lair:6:   due_jungle_book, minmay_slime_entry_oklob_open
Swamp:1:  gammafunk_its_a_trap, evilmike_swamp_ruin_rubble_2, swamp_pool3,
          st_shrine_of_shade, uniq_nikola
Swamp:2:  evilmike_swamp_ruin_house_2, swamp_pool2, uniq_donald
Swamp:3:  hangedman_swamp_blocks, swamp_pool1, kb_tengu_band
Swamp:4:  swamp, swamp_pool4, uniq_aizul
Spider:1: guppyfry_spider_mini_2, uniq_agnes
Spider:2: nicolae_spider_webs_and_nodes, minivault_29, uniq_azrael
Spider:3: spider_trap
Spider:4: floodkiller_spider_rune_tomb
Orc:1:    basic_altar, okawaru_metal_pillars_3
Orc:2:    grunt_orc_gardens, grunt_orc_garden, grunt_orc_garden,
          grunt_orc_garden, grunt_orc_garden, lightli_orcish_oven
Elf:1:    minmay_elf_necromancy, minivault_19
Elf:2:    serial_shops, shop, hangedman_elven_ridges, minivault_28
Elf:3:    minmay_elf_hall_statues
Vaults:1: nicolae_vaults_ninety_degrees, nicolae_vaults_good_morning_starshine,
          v_misc_4, grunt_vaults_trifunnel, v_misc_31,
          nicolae_vaults_diagonal_hallway_6, enter_trove_0
Vaults:2: minmay_crypt_entry_simple_statues, vaults_room_door_hall,
          grunt_vaults_hallway_short, v_misc_17, v_misc_1,
          nicolae_vaults_rhombus_6, nicolae_vaults_three_branches,
          hangedman_vaults_trim, vaults_mumra_chevron_long, v_misc_22,
          vaults_mumra_minichess_inversion, vaults_room_fours,
          nicolae_vaults_little_squares_1
Vaults:3: v_misc_29, v_misc_27, nicolae_vaults_yaktaur_gun_rack,
          ontoclasm_vaults_shuriken, vaults_room_door_hall,
          vaults_mumra_minichess, nicolae_vaults_network_quincunx, st_cells,
          v_misc_22, nicolae_vaults_little_squares_3, ontoclasm_vaults_bender
Vaults:4: grunt_vaults_twisty, grunt_vaults_bifocal, vaults_room_hallway,
          hangedman_vaults_pinch, vaults_mumra_hex, vaults_dpeg_hooks,
          vaults_room_door_ring, v_misc_27, vaults_room_corners, serial_shops,
          bzr_firewalk, uniq_jory
Vaults:5: serial_shops, uniq_mennas, uniq_jorgrun, uniq_frederick,
          uniq_saint_roka
Bazaar:   bazaar_minmay_generic_box

Table legend:
 A = Turns spent in this place as a percentage of turns spent in the entire game.
 B = Non-inter-level travel turns spent in this place as a percentage of non-inter-level travel turns spent in the entire game.
 C = Inter-level travel turns spent in this place as a percentage of turns spent in this place.
 D = Turns resting spent in this place as a percentage of non-inter-level travel turns spent in this place.
 E = Turns spent auto-exploring this place as a percentage of non-inter-level travel turns spent in this place.
 F = Non-inter-level travel turns spent in this place divided by the number of levels of this place that you've seen.
                   A       B       C       D       E      F
               +-------+-------+-------+-------+-------+----------------------
         Total | 100.0 | 100.0 |   8.3 |  26.7 |  45.2 | 1308.3
       Dungeon |  28.9 |  27.8 |  11.6 |  16.5 |  59.7 | 995.3
        Temple |   0.3 |   0.3 |   6.7 |   0.0 |  48.0 | 152.0
          Lair |  15.0 |  15.3 |   6.4 |  28.8 |  47.7 | 1368.8
         Swamp |  14.4 |  13.9 |  11.9 |  32.7 |  42.0 | 1857.5
   Spider Nest |  11.0 |  11.4 |   4.9 |  40.9 |  27.4 | 1522.5
  Orcish Mines |   4.4 |   4.5 |   5.9 |  35.5 |  35.5 | 1203.5
   Elven Halls |  11.0 |  11.6 |   2.7 |  31.5 |  34.9 | 2077.7
        Vaults |  14.7 |  14.8 |   7.7 |  19.6 |  44.5 | 1584.6
        Bazaar |   0.4 |   0.5 |   0.0 |  76.3 |   0.0 | 262.0
               +-------+-------+-------+-------+-------+----------------------

Table legend:
 A = Kills in this place as a percentage of kills in entire the game.
 B = Kills by you in this place as a percentage of kills by you in the entire game.
 C = Kills by friends in this place as a percentage of kills by friends in the entire game.
 D = Other kills in this place as a percentage of other kills in the entire game.
 E = Experience gained in this place as a percentage of experience gained in the entire game.
 F = Experience gained in this place divided by the number of levels of this place that you have seen.
                   A       B       C       D       E      F
               +-------+-------+-------+-------+-------+----------------------
         Total | 100.0 | 100.0 | 100.0 | 100.0 | 100.0 | 15801.7
       Dungeon |  24.2 |  24.5 |   6.7 |   0.0 |   8.2 | 3543.3
          Lair |   8.2 |   8.2 |  20.0 |   0.0 |   5.5 | 5954.8
         Swamp |  11.4 |  11.4 |  13.3 |  18.2 |  12.6 | 20371.2
   Spider Nest |  17.3 |  17.4 |  13.3 |   9.1 |  14.4 | 23377.8
  Orcish Mines |   4.4 |   4.1 |  46.7 |   0.0 |   2.1 | 6804.0
   Elven Halls |  10.7 |  10.8 |   0.0 |   9.1 |  19.4 | 41873.3
        Vaults |  23.7 |  23.6 |   0.0 |  63.6 |  37.8 | 48953.2
               +-------+-------+-------+-------+-------+----------------------
